Map: Ley Lines

Players

IntoTheRough - Winner!

  • Race: Zerg Zerg
  • Spawn Location: 7:00

A.I. 2 (Very Easy)

  • Race: Terran Terran
  • Spawn Location: 1:00

VOD

Have the link to the VOD?

Description

Time

  • Played on: May 15, 2025, 3:29 p.m.
  • Length: 5:44
Show
View Real Time Build Order
Export as new Build Order

IntoTheRough Zerg - Winner!

Build Orders: Pool First, Roach Nydus 

Get SALT Encoding   

  12  0:00  Drone  
  13  0:13  Overlord  
  13  0:18  Drone  
  14  0:31  Drone x2  
  16  0:41  Spawning Pool  
  15  0:44  Drone  
  15  0:48  Drone  
  17  1:09  Hatchery  
  16  1:12  Drone  
  16  1:14  Extractor  
  16  1:28  Zergling x4  
  16  1:29  Zergling x2  
  19  1:36  Queen  
  21  1:42  Drone  
  22  1:50  Overlord  
  22  2:12  Queen  
  22  2:15  Metabolic Boost  
  24  2:17  Drone  
  24  2:18  Drone  
  24  2:21  Drone  
  28  2:37  Drone x3  
  28  2:41  Queen  
  32  2:52  Lair  
  32  2:54  Drone  
  33  3:03  Extractor  
  33  3:04  Overlord  
  32  3:06  Drone x2  
  32  3:11  Drone x2  
  36  3:23  Drone x4  
  36  3:24  Drone  
  41  3:32  Roach Warren  
  40  3:40  Overlord  
  40  3:42  Overlord  
  40  3:45  Zergling x2  
  40  3:47  Zergling x2  
  42  3:55  Nydus Network  
  41  4:12  Overseer  
  41  4:13  Roach  
  41  4:14  Roach x4  
  51  4:20  Roach  
  53  4:25  Overlord  
  53  4:28  Roach  
  55  4:39  Nydus Canal  
  55  4:42  Zergling x10  
  60  4:45  Zergling x2  
  60  4:46  Zergling x6  
Show
View Real Time Build Order
Export as new Build Order

A.I. 2 (Very Easy) Terran 

Build Orders:  

Get SALT Encoding   

  12  0:00  SCV  
  13  0:13  SCV  
  14  0:19  Supply Depot  
  14  0:37  Refinery  
  14  0:43  Barracks  
  14  1:02  Supply Depot  
  14  1:13  SCV  
  15  1:25  SCV  
  16  1:31  Reaper  
  17  1:37  SCV  
  18  1:49  SCV  
  19  2:01  SCV  
  19  2:03  Marine  
  21  2:14  SCV  
  22  2:27  Orbital Command  
  22  4:19  SCV  
  22  4:31  SCV, Marine  
  23  4:32  Refinery  
  23  4:35  Factory  
  23  4:37  Supply Depot  
  24  4:56  SCV  
  23  5:02  Marine  
  17  5:08  SCV  
  13  5:20  SCV  
Tags
 
Matchup
TvZ
Opening
Pool First
Spawn Locations
Cross Positions
Strategy
Roach Nydus
Add a new tag
Caveats
  • Supply blocks, unpowered buildings, or Contaminate may cause inaccurate times.
  • Supply counts are checked every 10 seconds.